 Dungeon Crawl Stone Soup version 0.23.1-37-gaa34b87 (webtiles) character file.

Game seed: 7936332917441019539

256 Lauz the Conjurer (level 5, 0/28 HPs)
             Began as a Deep Elf Conjurer on Mar 22, 2019.
             Slain by Crazy Yiuf
             ... wielding a +4 quarterstaff of chaos
              (1 damage)
             ... on level 2 of the Dungeon.
             The game lasted 00:10:49 (2468 turns).

Lauz the Conjurer (Deep Elf Conjurer)               Turns: 2468, Time: 00:10:50

Health: 0/28       AC:  2    Str:  5    XL:     5   Next: 92%
Magic:  5/14       EV: 13    Int: 21    God:
Gold:   58         SH:  0    Dex: 15    Spells: 2/14 levels left

rFire    . . .     SeeInvis .   (no weapon)
rCold    . . .     Gourm    .   (no shield)
rNeg     . . .     Faith    .   a - +0 robe
rPois    .         Spirit   .   (no helmet)
rElec    .         Reflect  .   (no cloak)
rCorr    .         Harm     .   (no gloves)
MR       .....                  (no boots)
Stlth    ++........             (no amulet)
HPRegen  0.09/turn              (no ring)
MPRegen  0.14/turn              (no ring)

@: lethally poisoned (0 -> -13)
A: no striking features
a: no special abilities


You were on level 2 of the Dungeon.
You were hungry.

You visited 1 branch of the dungeon, and saw 2 of its levels.

You collected 58 gold pieces.

Inventory:

Armour
 a - a +0 robe (worn)
Scrolls
 b - 3 scrolls of teleportation {unknown}
 i - a scroll of identify {unknown}
 k - a scroll of enchant armour {unknown}
Potions
 d - a potion of magic {unknown}
 e - a potion of berserk rage {unknown}
 f - a potion of degeneration {unknown}
 j - a potion of mutation {unknown}
 l - a potion of invisibility {unknown}
Comestibles
 c - 3 rations


   Skills:
 + Level 2.8 Dodging
 - Level 2.4 Stealth
 + Level 5.3 Spellcasting
 + Level 6.8 Conjurations
 + Level 0.2 Hexes


You had 2 spell levels left.
You knew the following spells:

 Your Spells              Type           Power        Failure   Level  Hunger
a - Magic Dart            Conj           ####         1%          1    None
b - Iskenderun's Mystic   Conj           ####....     6%          4    ####...
c - Fulminant Prism       Conj/Hex       ###.......   24%         4    ####...
d - Dazzling Spray        Conj/Hex       ###...       8%          3    ##.....

Your spell library contained the following spells:

 Spells                   Type           Power        Failure   Level  Hunger
 Searing Ray              Conj           ####..       1%          2    None
 Force Lance              Conj/Tloc      ###.....     26%         4    ####...


Dungeon Overview and Level Annotations

Branches:
Dungeon (2/15)

Altars:
Nemelex Xobeh
Qazlal

Annotations:
D:2 Crazy Yiuf


Message History

You are lethally poisoned!
You feel sick.
Unknown command.
You feel sick.
You feel sick.
You feel sick.
Casting: Dazzling Spray (safe; 8% risk of failure)
Confirm with . or Enter, or press ? or * to list all spells.
Aiming: Dazzling Spray (safe; 8% risk of failure)
Press: ? - help, Shift-Dir - straight line, f/p - Crazy Yiuf
Aim: Crazy Yiuf, wielding a +4 quarterstaff of chaos and wearing a +0 cloak (severely wounded)
The spray of energy hits Crazy Yiuf!
Crazy Yiuf is almost dead.
Crazy Yiuf is dazzled.
You are feeling hungry.
You feel sick.
Crazy Yiuf hits you with a +4 quarterstaff of chaos!
* * * LOW HITPOINT WARNING * * *
Crazy Yiuf freezes you.
You die...

############
#........#g### ###
#........@#..##...#
#........####.'...#
#.......## ###..)#
### ##....#### ###
#.#### #.....#
#....#
#######.....#
#..>..
.....)......#
#########.
#############
#).### #. #
##########...#####


You could see Crazy Yiuf (blind).

Vanquished Creatures
  An ogre (D:2)
  Terence (D:1)
  7 gnolls (D:2)
  2 adders (D:2)
  A shadow imp (D:2)
  A worm (D:2)
  2 dart slugs (D:1)
  2 leopard geckos
  An orc (D:2)
  A ball python (D:2)
  8 bats
  A giant cockroach (D:2)
  8 goblins
  6 hobgoblins
  4 jackals (D:1)
  2 frilled lizards (D:1)
  3 kobolds
  8 rats
59 creatures vanquished.

Vanquished Creatures (others)
  3 fulminant prisms (D:2)
3 creatures vanquished.

Grand Total: 62 creatures vanquished

Notes
Turn   | Place    | Note
-------+----------+-------------------------------------------
     0 | D:1      | Lauz the Deep Elf Conjurer began the quest for the Orb.
     0 | D:1      | Reached XP level 1. HP: 10/10 MP: 6/6
   294 | D:1      | Reached XP level 2. HP: 15/15 MP: 4/8
   385 | D:1      | Reached skill level 5 in Conjurations
   713 | D:1      | Reached XP level 3. HP: 14/19 MP: 0/9
  1226 | D:2      | Found a stormy altar of Qazlal.
  1489 | D:2      | Reached XP level 4. HP: 24/24 MP: 7/11
  1495 | D:2      | Learned a level 4 spell: Iskenderun's Mystic Blast
  1573 | D:2      | Noticed Terence
  1589 | D:2      | Found a sparkling altar of Nemelex Xobeh.
  1719 | D:2      | Reached skill level 6 in Conjurations
  1790 | D:1      | Killed Terence
  1917 | D:2      | Learned a level 4 spell: Fulminant Prism
  1951 | D:2      | Reached XP level 5. HP: 17/28 MP: 2/13
  2023 | D:2      | Learned a level 3 spell: Dazzling Spray
  2155 | D:2      | Noticed an ogre
  2160 | D:2      | Killed an ogre
  2160 | D:2      | Reached skill level 5 in Spellcasting
  2457 | D:2      | Found a runed translucent door.
  2458 | D:2      | Noticed Crazy Yiuf
  2468 | D:2      | HP: 1/28 [Crazy Yiuf/+4 quarterstaff of chaos (12)]
  2468 | D:2      | Slain by Crazy Yiuf

Skill      XL: |  1  2  3  4  5 |
---------------+----------------+-----
Conjurations   | 5 6 |  6.8
Spellcasting   | 4 5 |  5.3
Dodging        | |  2.8
Stealth        | |  2.4
Hexes          | |  0.2

Action                   |  1- 3 |  4- 6 || total
-------------------------+-------+-------++-------
 Cast: Magic Dart        |    76 |    34 ||   110
       Iskenderun's Myst |       |     8 ||     8
       Dazzling Spray    |       |     4 ||     4
       Fulminant Prism   |       |     3 ||     3
  Use: Scroll            |       |     2 ||     2
  Eat: Chunk             |     2 |     4 ||     6
Armor: Robe              |     4 |       ||     4
Dodge: Dodged            |    14 |     9 ||    23
